 Dungeon Crawl Stone Soup version 0.28-a0-1038-g9c4cb8273d (webtiles) character file.

Game seed: 1363025913853533012

16 ytrimaz the Skirmisher (level 2, 15/25 HPs)
             Began as a Formicid Fighter on Dec 8, 2021.
             Was a Follower of Zin.
             Quit the game on level 1 of the Dungeon.
             The game lasted 00:00:35 (139 turns).

ytrimaz the Skirmisher (Formicid Fighter)            Turns: 139, Time: 00:00:36

Health: 15/25      AC:  6    Str: 20    XL:     2   Next: 75%
Magic:  2/2        EV:  9    Int:  7    God:    Zin [*.....]
Gold:   0          SH:  4    Dex: 10    Spells: 1/1 levels left

rFire   . . .      SeeInvis +   a - +0 war axe
rCold   . . .      Faith    .   c - +0 buckler
rNeg    . . .      Spirit   .   b - +0 scale mail
rPois   .          Reflect  .   (helmet unavailable)
rElec   .          Harm     .   (no cloak)
rCorr   .          Rampage  .   (no gloves)
Will    .....                   (no boots)
Stlth   ..........              (no amulet)
HPRegen 0.08/turn               (no ring)
MPRegen 0.08/turn               (no ring)

@: on recite cooldown
A: permanent stasis, dig shafts and tunnels, antennae 3, four strong arms
a: Dig, Shaft Self, Renounce Religion, Recite, Donate Gold


You were on level 1 of the Dungeon.
You worshipped Zin.
Zin was aware of your devotion.
You visited 1 branch of the dungeon, and saw 1 of its levels.

Inventory:

Hand Weapons
 a - a +0 war axe (weapon)
Armour
 b - a +0 scale mail (worn)
 c - a +0 buckler (worn)
Jewellery
 e - a ring of positive energy
Potions
 d - a potion of might


   Skills:
 + Level 3.7 Fighting
 + Level 2.2 Axes
 + Level 3.6 Armour
 - Level 3.6 Shields


You had one spell level left.
You didn't know any spells.
Your spell library was empty.

Dungeon Overview and Level Annotations

Branches:
Dungeon (1/15)

Altars:
Zin

Shops:
D:1 =


Innate Abilities, Weirdness & Mutations

You cannot be hasted, slowed, berserked, paralysed or teleported.
You can dig through walls and to a lower floor.
You have a pair of large antennae on your head. (SInv)
Your four strong arms can wield two-handed weapons with a shield.


Message History

You kill the rat! "...be pious, and that the punishment for blasphemy..."
The giant cockroach bites you but does no damage. x2
The quokka barely misses you. The giant cockroach closely misses you.
You slash the quokka!
You kill the quokka!
You hit the giant cockroach but do no damage.
You barely miss the giant cockroach. "...shall be swift and harsh!"
You finish reciting Anathema 17:51.
The giant cockroach closely misses you. x2
You block the giant cockroach's attack.
You slash the giant cockroach!
You kill the giant cockroach!
You hit the giant cockroach but do no damage.
The giant cockroach barely misses you.
The giant cockroach bites you but does no damage.
Unknown command.
The giant cockroach closely misses you.
Things that are here:
a +0 club; a goblin corpse Unknown command.
The giant cockroach bites you but does no damage.
The giant cockroach barely misses you.
You barely miss the giant cockroach. x2
You block the giant cockroach's attack.
The giant cockroach bites you but does no damage.
The giant cockroach closely misses you.
The giant cockroach bites you but does no damage.
You hit the giant cockroach.
The giant cockroach is almost dead.
You slash the giant cockroach!
You kill the giant cockroach!
The giant cockroach bites you but does no damage.
You block the giant cockroach's attack.
Unknown command.
You hit the giant cockroach.
You kill the giant cockroach!
e - a ring of positive energy Are you sure you want to abandon this character and quit the game? (Confirm with "yes".)

......# ........##
..........#
...........#
...........#
...........##
............#
...........@#
............#
#.........###
##..†.........
##..)†...####
#...†...#####
##..........###.###
#.................#
##................#
#


There were no monsters in sight!

Vanquished Creatures
  3 giant cockroaches (D:1)
  A goblin (D:1)
  2 hobgoblins (D:1)
  3 jackals (D:1)
  2 quokkas (D:1)
  A bat (D:1)
  A rat (D:1)
13 creatures vanquished.

Notes
Turn   | Place    | Note
-------+----------+-------------------------------------------
     0 | D:1      | ytrimaz the Formicid Fighter began the quest for the Orb.
     0 | D:1      | Reached XP level 1. HP: 18/18 MP: 1/1
    74 | D:1      | Found a faded altar of an unknown god.
    76 | D:1      | Found Hixtaa's Jewellery Shoppe.
    85 | D:1      | Reached XP level 2. HP: 23/24 MP: 2/2
   103 | D:1      | Prayed at the altar of an unknown god.
   103 | D:1      | Became a worshipper of Zin the Law-Giver
   103 | D:1      | Reached * piety under Zin
   139 | D:1      | Quit the game

Illustrated notes

Levels and vault maps discovered:
D:1:      co_arrival_random_square_maze, layout_rooms, serial_shops,
          nicolae_lakefront_shop, nicolae_shop_stone,
          ebering_ecumenical_altar_box, minmay_lizard_pond

Action                   || total
-------------------------++-------
Melee: War axe           ||    23
Invok: Recite            ||     1
Armor: Scale mail        ||    28
Dodge: Dodged            ||    18
Block: Buckler           ||    15

Table legend: (Time is in decaauts)
 A = Elapsed time spent in this place.
 B = Non-inter-level travel time spent in this place.
 C = Inter-level travel time spent in this place.
 D = Time resting spent in this place.
 E = Time spent auto-exploring this place.
 F = Levels seen in this place.
 G = Mean time per level.
                   A        B        C        D        E       F      G
               +--------+--------+--------+--------+--------+-----+--------+
         Total |    148 |    148 |      0 |      0 |     78 |   1 |  148.0 |
       Dungeon |    148 |    148 |      0 |      0 |     78 |   1 |  148.0 |
               +--------+--------+--------+--------+--------+-----+--------+

Top non-repeatable levels by time:
     D:1: 148 daAuts
